 Dungeon Crawl Stone Soup version 0.25-a0-583-g696c2ac64d (webtiles) character file.

Game seed: 17107792493258617992, levelgen mode: deterministic

716 Essalna the Firebug (level 7, 0/41 HPs)
             Began as a Gargoyle Fire Elementalist on Mar 8, 2020.
             Was an Initiate of Vehumet.
             Slain by a gnoll
             ... wielding a +3 halberd
              (10 damage)
             ... on level 6 of the Dungeon.
             The game lasted 00:16:53 (5365 turns).

Essalna the Firebug (Gargoyle Fire Elementalist)    Turns: 5365, Time: 00:16:54

Health: 0/41       AC:  8    Str: 12    XL:     7   Next: 69%
Magic:  10/13      EV: 12    Int: 17    God:    Vehumet [......]
Gold:   190        SH:  0    Dex: 15    Spells: 4/14 levels left

rFire    . . .     SeeInvis .   l - +3 dagger (venom)
rCold    . . .     Gourm    .   (no shield)
rNeg     + . .     Faith    .   a - +0 robe
rPois    ∞         Spirit   .   h - +0 helmet
rElec    +         Reflect  .   (no cloak)
rCorr    .         Harm     .   (no gloves)
MR       .....                  d - +0 pair of boots
Stlth    +++.......             (no amulet)
HPRegen  0.13/turn              f - ring of stealth
MPRegen  0.13/turn              j - +5 ring of dexterity

@: mighty, about to teleport, mesmerised, very slightly contaminated
A: negative energy resistance 1, electricity resistance, unbreathing,
petrification resistance, rot immunity, AC +4
a: Renounce Religion


You were on level 6 of the Dungeon.
You worshipped Vehumet.
Vehumet was noncommittal.
You were not hungry.

You visited 1 branch of the dungeon, and saw 6 of its levels.

You collected 190 gold pieces.

Inventory:

Hand Weapons
 g - a +0 dagger
 l - a +3 dagger of venom (weapon)
Armour
 a - a +0 robe (worn)
 d - a +0 pair of boots (worn)
 h - a +0 helmet (worn)
 A - the +4 ring mail of Vehumet's Condemnation {rF+ Str-4 Int+6, unknown}
   (You found it on level 6 of the Dungeon)

   It affects your strength (-4).
   It affects your intelligence (+6).
   It protects you from fire.
Jewellery
 f - a ring of stealth (left hand)
 j - a +5 ring of dexterity (right hand)
Wands
 s - a wand of disintegration (9)
 v - a wand of flame (18)
 x - a wand of paralysis (7)
Scrolls
 i - a scroll of identify
 k - 5 scrolls of remove curse
 o - 2 scrolls of enchant weapon
 p - 2 scrolls of teleportation
 q - a scroll of blinking
 t - a scroll of fear {unknown}
 w - 2 scrolls of amnesia {unknown}
 y - a scroll of noise {unknown}
 z - a scroll of enchant armour {unknown}
Potions
 b - a potion of stabbing
 e - 2 potions of lignification
 m - a potion of brilliance
 u - a potion of might
Comestibles
 c - 10 rations


   Skills:
 + Level 3.2 Fighting
 + Level 2.6 Short Blades
 - Level 1.5 Dodging
 - Level 2.1 Stealth
 + Level 4.0 Spellcasting
 + Level 4.3 Conjurations
 + Level 4.9 Fire Magic


You had 4 spell levels left.
You knew the following spells:

 Your Spells              Type           Power        Failure   Level  Hunger
a - Foxfire               Conj/Fire      ###.         2%          1    None
b - Sticky Flame          Conj/Fire      ###.....     24%         4    ####...
c - Fireball              Conj/Fire      ###.......   54%         5    ######.

Your spell library contained the following spells:

 Spells                   Type           Power        Failure   Level  Hunger
 Conjure Flame            Conj/Fire      ###.....     7%          3    ###....
 Animate Skeleton         Necr           N/A          16%         1    None
 Pain                     Necr           #...         16%         1    None
 Inner Flame              Hex/Fire       ##......     17%         3    ###....
 Vampiric Draining        Necr           #.........   43%         3    ###....
 Animate Dead             Necr           N/A          83%         4    ####...
 Agony                    Necr           #.......     99%         5    ######.


Dungeon Overview and Level Annotations

Branches:
Dungeon (6/15)
 Temple: D:4-7

Altars:
Kikubaaqudgha
Nemelex Xobeh
Qazlal
Uskayaw
Vehumet
Xom

Annotations:
D:6 1 runed translucent door, Maggie; feamirim's ghost, novice DrFi


Innate Abilities, Weirdness & Mutations

You are resistant to torment.
Your stone body is resilient. (AC +4)
You are immune to poison.
You resist negative energy. (rN+)
You are resistant to electric shocks. (rElec)
You can survive without breathing.
You are immune to petrification.
You are immune to rotting.


Message History

The gnoll shaman hits you with a +0 club.
Maggie gestures wildly while chanting.
Maggie attempts to bespell you! You resist with almost no effort.
As you read the scroll of teleportation, it crumbles to dust.
You feel strangely unstable.
Maggie casts a spell.
Maggie attempts to bespell you!
You are mesmerised by Maggie!
The gnoll shaman calls upon its god to speed up something.
You cannot move away from Maggie!
You cannot move away from Maggie!
You cannot move away from Maggie!
Maggie mumbles some strange words.
Maggie draws you further into her thrall.
The gnoll hits you from afar with a +3 halberd.
* * * LOW HITPOINT WARNING * * *
Maggie casts a spell.
Maggie draws you further into her thrall.
The gnoll hits you from afar with a +3 halberd!
You die...

####..§§§§§## .......§§§§§.
#..§§§§§# ####§#§## ...
#...# ..# #...# #..# #.#####
#.....## #... .......##
#.#...# #$..# .# #.@### #.
#...# #.#).## #.# ##g..# #
#..##
#..g.†###.#######g####.##...
###............gg.@g........
.....#......##..#...........
##....#..#...#.##.........
⌠##...##)...(......#..###.
..##..#.............#.#
%..##...........##....#


You could see Maggie, a gnoll shaman and 2 gnolls.

Vanquished Creatures
  2 ogres
  A water moccasin zombie (D:5)
  A crimson imp (D:5)
  A jelly (D:5)
  An orc wizard (D:5)
  2 iguanas (D:4)
  Ijyb (D:5)
  3 worker ants (D:5)
  A killer bee zombie (D:6)
  8 adders
  6 gnolls
  2 oozes
  An adder zombie (D:5)
  A worm (D:4)
  2 dart slugs (D:1)
  6 leopard geckos
  3 orcs
  3 ball pythons
  7 bats
  5 giant cockroaches
  8 goblins
  10 hobgoblins
  8 jackals
  2 quokkas
  2 frilled lizards (D:2)
  6 kobolds
  8 rats
101 creatures vanquished.

Vanquished Creatures (others)
  221 foxfires
221 creatures vanquished.

Grand Total: 322 creatures vanquished

Notes
Turn   | Place    | Note
-------+----------+-------------------------------------------
     0 | D:1      | Essalna the Gargoyle Fire Elementalist began the quest for
                  | the Orb.
     0 | D:1      | Reached XP level 1. HP: 10/10 MP: 3/3
   161 | D:1      | Reached XP level 2. HP: 15/15 MP: 1/5
   909 | D:1      | Reached XP level 3. HP: 19/19 MP: 4/6
  1944 | D:2      | Reached XP level 4. HP: 24/24 MP: 3/8
  2573 | D:3      | Found a radiant altar of Vehumet.
  2578 | D:3      | Found an ancient bone altar of Kikubaaqudgha.
  2578 | D:3      | Found a stormy altar of Qazlal.
  2579 | D:3      | Found a sparkling altar of Nemelex Xobeh.
  2579 | D:3      | Found a hide-covered altar of Uskayaw.
  2583 | D:3      | Became a worshipper of Vehumet
  3025 | D:4      | Reached skill level 1 in Fighting
  3025 | D:4      | Reached XP level 5. HP: 29/29 MP: 5/9
  3053 | D:4      | Reached skill level 1 in Short Blades
  3798 | D:4      | Reached XP level 6. HP: 35/35 MP: 4/10
  4213 | D:5      | Entered Level 5 of the Dungeon
  4255 | D:5      | Noticed Ijyb
  4277 | D:5      | Learned a level 4 spell: Sticky Flame
  4289 | D:5      | Paralysed by Ijyb for 3 turns
  4293 | D:5      | Killed Ijyb
  4578 | D:5      | Reached XP level 7. HP: 40/40 MP: 8/12
  4635 | D:5      | Learned a level 5 spell: Fireball
  4642 | D:5      | Found a shimmering altar of Xom.
  5166 | D:6      | Found a runed translucent door.
  5166 | D:6      | Noticed feamirim's ghost (novice DrFi)
  5325 | D:6      | Got a jewelled ring mail
  5340 | D:6      | Noticed Maggie
  5365 | D:6      | Slain by a gnoll

Levels and vault maps discovered:
D:1:      dpeg_arrival_arbitrary_b, layout_basic, chequers_avenue
D:2:      layout_basic, first_ration
D:3:      layout_loops_ring, grunt_temple_overflow_open
D:4:      layout_basic, nrook_mini_backslash
D:5:      layout_basic, xom_teletrap_fun, uniq_ijyb
D:6:      layout_rooms, hellmonk_ghost_happy_afterlife, uniq_maggie

Skill      XL: |  1  2  3  4  5  6  7 |
---------------+----------------------+-----
Conjurations   | 2 3 4 |  4.3
Fighting       | 1 2 3 |  3.2
Spellcasting   | 3 4 |  4.0
Short Blades   | 1 2 |  2.6
Fire Magic     | 4 |  4.9
Dodging        | |  1.5
Stealth        | |  2.1

Action                   |  1- 3 |  4- 6 |  7- 9 || total
-------------------------+-------+-------+-------++-------
Melee: Unarmed           |    28 |       |       ||    28
       Dagger            |    63 |    99 |    53 ||   215
 Cast: Foxfire           |    43 |    76 |    33 ||   152
       Sticky Flame      |       |     1 |       ||     1
  Use: Scroll            |       |       |    11 ||    11
       Potion            |       |       |     1 ||     1
 Stab: Sleeping          |     4 |     8 |     3 ||    15
  Eat: Chunk             |     4 |     8 |     3 ||    15
Armor: Robe              |    24 |    41 |    21 ||    86
Dodge: Dodged            |    62 |    89 |    38 ||   189

Table legend:
 A = Non-vault XP
 B = Vault XP
 C = Vault XP percentage of total XP
 D = Non-vault monster count
 E = Vault monster count
 F = Vault count percentage of total count
                 A         B        C        D         E       F
            +---------+---------+-------+---------+---------+-------
      Total |     987 |      36 |   3.5 |     100 |       1 |   1.0
            +---------+---------+-------+---------+---------+-------
        D:1 |      52 |       0 |   0.0 |      24 |       0 |   0.0
        D:2 |      69 |       0 |   0.0 |      27 |       0 |   0.0
        D:3 |      38 |       0 |   0.0 |      11 |       0 |   0.0
        D:4 |     301 |       0 |   0.0 |      21 |       0 |   0.0
        D:5 |     445 |      36 |   7.5 |      12 |       1 |   7.7
        D:6 |      82 |       0 |   0.0 |       5 |       0 |   0.0
            +---------+---------+-------+---------+---------+-------
